AoeStats
← mfuentesk

Fortress

510830210Analyzed
1v1 RM · 11h ago on Oct 2, 2026· 57m 57s· 2 players
Game mode
Random Map
Map size
Small (3 player)
Population
200
Speed
Normal
Resources
Standard
Victory
Conquest
Starting age
Dark Age
Ending age
Imperial Age
RankedLock teamsTeams togetherTeam positionsShared explorationLock speedFull tech treeHidden civsTurbo modeCheats
Victory
Defeat
🇪🇸 Britons · Spain
629
+18
🇨🇱 Britons · Chile
677
-24
angel523tb4
7:25 Feudal Age
11:38 Castle Age
9:56 Horse Collar
10:35 Double-Bit Axe
17:50 Ballistics
17:26 Fletching
18:59 Gold Mining
24:04 Imperial Age
22:18 Gold Shaft Mining
21:59 Bow Saw
22:26 Bodkin Arrow
23:22 Town Watch
26:23 Heavy Plow
26:52 Town Watch
28:15 Town Patrol
28:51 Wheelbarrow
30:51 Hand Cart
32:18 Man-at-Arms
36:32 Loom
46:14 Pikeman
50:33 Warwolf
51:18 Bracer
51:18 Padded Archer Armor
50:44 Elite Longbowman
52:52 Chemistry
54:17 Leather Archer Armor
mfuentesk
10:33 Feudal Age
11:51 Wheelbarrow
11:03 Double-Bit Axe
11:02 Horse Collar
11:43 Gold Mining
11:44 Stone Mining
14:07 Padded Archer Armor
13:58 Fletching
19:51 Castle Age
20:04 Scale Barding Armor
19:59 Scale Mail Armor
20:03 Crossbowman
20:54 Bow Saw
20:48 Heavy Plow
21:49 Gold Shaft Mining
23:37 Hand Cart
24:53 Bodkin Arrow
25:03 Husbandry
25:46 Pikeman
26:27 Squires
29:46 Yeomen
36:16 Imperial Age
49:13 Imperial Age
49:43 Capped Ram
Connection lost

Rejoining the realm…

Still unreachable

The connection could not be restored.

Session expired

The server has moved on; the page needs a fresh start.